 Dungeon Crawl Stone Soup version 0.28.0-53-g5a82cb258f (webtiles) character file.

Game seed: 8187093178671987090

4 DocClef the Cudgeller (level 1, 0/14 HPs)
             Began as a Gargoyle Monk on July 9, 2022.
             Slain by a goblin
             ... wielding a +0 club
              (4 damage)
             ... on level 2 of the Dungeon.
             The game lasted 00:00:15 (260 turns).

DocClef the Cudgeller (Gargoyle Monk)                Turns: 260, Time: 00:00:16

Health: 0/14       AC:  7    Str: 14    XL:     1   Next: 60%
Magic:  1/1        EV: 12    Int: 10    God:
Gold:   11         SH:  0    Dex: 12    Spells: 0/0 levels left

rFire   . . .      SeeInvis .   a - +0 mace
rCold   . . .      Faith    .   (no shield)
rNeg    + . .      Spirit   .   b - +0 robe
rPois   ∞          Reflect  .   (no helmet)
rElec   +          Harm     .   (no cloak)
rCorr   .          Rampage  .   (no gloves)
Will    .....                   e - +2 pair of boots
Stlth   ++........              (no amulet)
HPRegen 0.04/turn               (no ring)
MPRegen 0.07/turn               (no ring)

@: no status effects
A: sickness immunity, AC +2, negative energy resistance 1, electricity
resistance, torment resistance 1, petrification resistance
a: no special abilities


You were on level 2 of the Dungeon.
You visited 1 branch of the dungeon, and saw 2 of its levels.

You collected 11 gold pieces.

Inventory:

Hand Weapons
 a - a +0 mace (weapon)
Armour
 b - a +0 robe (worn)
 e - a +2 pair of boots (worn)
Jewellery
 d - a ring of flight
Scrolls
 c - a scroll of identify {unknown}


   Skills:
 - Level 3.2 Fighting
 + Level 3.3 Maces & Flails
 - Level 2.4 Dodging
 - Level 2.1 Stealth


You couldn't memorise any spells.
You didn't know any spells.
Your spell library was empty.

Dungeon Overview and Level Annotations

Branches:
Dungeon (1/15)

Altars:
Gozag


Innate Abilities, Weirdness & Mutations

You are immune to sickness and miasma.
Your stone body is resilient. (AC +2)
You are immune to poison.
You resist negative energy. (rN+)
You are resistant to electric shocks. (rElec)
You are resistant to unholy torment.
You are immune to petrification.


Message History

You are frozen.
You completely miss the endoplasm.
The endoplasm is moderately wounded.
The endoplasm closely misses you.
You hit the endoplasm but do no damage.
The endoplasm is moderately wounded.
The endoplasm completely misses you. The goblin hits you but does no damage.
The endoplasm hits you but does no damage.
You hit the endoplasm.
The endoplasm is heavily wounded.
The goblin hits you but does no damage.
The endoplasm hits you but does no damage.
You barely miss the endoplasm.
The endoplasm is heavily wounded.
The goblin hits you with a +0 club. The endoplasm hits you.
The goblin barely misses you.
You are too injured to fight recklessly!
You are too injured to fight recklessly!
You are too injured to fight recklessly!
You are too injured to fight recklessly!
You are too injured to fight recklessly!
You are too injured to fight recklessly!
You are too injured to fight recklessly!
You are too injured to fight recklessly!
You are too injured to fight recklessly!
You are too injured to fight recklessly!
Unknown command.
You hit the endoplasm.
You kill the endoplasm!
The goblin misses you. The goblin misses you.
You closely miss the goblin. The goblin hits you with a +0 club.
* * * LOW HITPOINT WARNING * * *
You hit the goblin.
The goblin is severely wounded.
The goblin hits you but does no damage.
You closely miss the goblin.
The goblin is severely wounded.
The goblin barely misses you. The goblin hits you with a +0 club.
You die...

......._...>...........#
######.....#.##########.#
#.......................#
#.######..##.#########..#
................#..#
#.#######.#######.#..#
#.# #..# ####'###### #..#
#....@....# #..#
#.....g...# #..#
#...........# #..#
##..........# #..#
#..........# #..#
#..##'###### #### ##. #'#
# ..


You could see a goblin.

Vanquished Creatures
  A dart slug (D:1)
  An endoplasm (D:2)
2 creatures vanquished.

Notes
Turn   | Place    | Note
-------+----------+-------------------------------------------
     0 | D:1      | DocClef the Gargoyle Monk began the quest for the Orb.
     0 | D:1      | Reached XP level 1. HP: 14/14 MP: 1/1
   187 | D:1      | You fall into a shaft and drop 1 floor!
   188 | D:2      | Found an opulent altar of Gozag.
   260 | D:2      | Slain by a goblin

Illustrated notes

Levels and vault maps discovered:
D:1:      dpeg_arrival_three_same_balls, layout_loops_corners,
          basic_ecumenical_altar
D:2:      layout_basic, basic_altar

Action                   || total
-------------------------++-------
Melee: Mace              ||    11
 Stab: Sleeping          ||     1
Armor: Robe              ||     5
Dodge: Dodged            ||     8
